 Dungeon Crawl Stone Soup version 0.29.1-13-g9f3cf754e1 (webtiles) character file.

Game seed: 9332796792109843615

941 hawla the Chiller (level 8, -3/61 HPs)
             Began as a Meteoran Ice Elementalist on Jan 26, 2023.
             Slain by a phantom (6 damage)
             ... on level 5 of the Dungeon on Jan 27, 2023.
             The game lasted 00:09:56 (1461 turns).

hawla the Chiller (Meteoran Ice Elementalist)       Turns: 1461, Time: 00:09:56

Health: -3/61      AC:  2    Str:  9    XL:     8   Next: 60%
Magic:  18/18      EV: 13    Int: 18    God:
Gold:   79         SH:  0    Dex: 16    Spells: 12/19 levels left

rFire   . . .      SeeInvis .   c - +1 dagger (freeze)
rCold   . . .      Faith    .   (no shield)
rNeg    . . .      Spirit   .   a - +0 robe
rPois   .          Reflect  .   (no helmet)
rElec   .          Harm     .   (no cloak)
rCorr   .          Rampage  .   (no gloves)
Will    +....                   (no boots)
Stlth   +.........              (no amulet)
HPRegen 0.20/turn               (no ring)
MPRegen 0.16/turn               (no ring)

@: glowing
A: sense surroundings 1, otherworldly, glowing, explore regen
a: no special abilities


You were on level 5 of the Dungeon.
You visited 1 branch of the dungeon, and saw 6 of its levels.
You also visited: Ossuary.

You collected 79 gold pieces.

Inventory:

Hand Weapons
 c - a +1 dagger of freezing (weapon)
Armour
 a - a +0 robe (worn)
 l - a +1 pair of gloves
Jewellery
 e - a +4 ring of evasion
 g - a ring of see invisible
 o - a ring of wizardry
Scrolls
 h - a scroll of identify
Potions
 b - a potion of magic
 d - a potion of mutation
 i - 2 potions of invisibility {unknown}
 p - a potion of haste {unknown}


   Skills:
 + Level 1.8 Fighting
 * Level 3.7 Short Blades
 + Level 3.9 Dodging
 - Level 1.4 Stealth
 - Level 6.4 Spellcasting
 - Level 7.7 Ice Magic


You had 12 spell levels left.
You knew the following spells:

 Your Spells              Type           Power      Damage    Failure   Level
a - Freeze                Ice            100%       1d11      1%          1
b - Frozen Ramparts       Ice            66%        1d10      1%          3
c - Ozocubu's Armour      Ice            33%        N/A       1%          3

Your spell library contained the following spells:

 Spells                   Type           Power      Damage    Failure   Level
 Magic Dart               Conj           20%        1d4       12%         1
 Searing Ray              Conj           10%        2d4       17%         2
 Static Discharge         Conj/Air       5%         3-4/arc   17%         2
 Hailstorm                Conj/Ice       19%        3d6       24%         4
 Fulminant Prism          Conj/Hex       2%         3d6       75%         4
 Lightning Bolt           Conj/Air       2%         1d14      97%         5
 Maxwell's Capacitive Co  Air            2%         ∞         100%        8


Dungeon Overview and Level Annotations

Branches:
Dungeon (6/15) Zot: 2593  Ossuary (visited)
 Temple: D:4-7

Altars:
Cheibriados

Annotations:
D:4 1 runed translucent door
D:6 3 runed translucent doors, TheSexyCheese's ghost, amateur GrFi


Innate Abilities, Weirdness & Mutations

You passively map a small area around you.
You are easily found by Zot.
You glow in the dark.
You regain HP and MP as you explore.


Message History

You hit the phantom.
The phantom is severely damaged.
The phantom hits you.
* * * LOW HITPOINT WARNING * * *
You hit the phantom.
The phantom is severely damaged.
The phantom hits you but does no damage.
You hit the phantom.
The phantom is almost destroyed.
The phantom hits you.
* * * LOW HITPOINT WARNING * * *
You miss the phantom.
The phantom is almost destroyed.
The phantom hits you.
* * * LOW HITPOINT WARNING * * *
You closely miss the phantom.
The phantom is almost destroyed.
You hit the phantom but do no damage.
The phantom is almost destroyed.
The phantom hits you.
* * * LOW HITPOINT WARNING * * *
You closely miss the phantom.
The phantom is almost destroyed.
The phantom hits you but does no damage.
You hit the phantom but do no damage.
The phantom is almost destroyed.
The phantom hits you but does no damage.
You hit the phantom but do no damage.
The phantom is almost destroyed.
The phantom hits you but does no damage.
You hit the phantom.
The phantom is almost destroyed.
You hit the phantom but do no damage.
The phantom is almost destroyed.
The phantom hits you but does no damage.
You closely miss the phantom.
The phantom is almost destroyed.
You feel less wooden.
Your +0 robe unmelds from your body.
The phantom hits you.
You die...

##.....o.(., ,
#))........,, #.##...(...
* #.# #...... * #.#
##.###* * ######
#.#####.#########.....#*
........#...........# ,*
..####..#..........### ##
..## ##.#.......@.##.##,.#
#..###..........W##...##.#
....#..##.........##.##..#
......###..........'##..#
..##..# #...........#..#
..###.# #..............#
..# #.# #........?.....#
..# #..*#####.##########
..# ##.# * #.#


You could see a phantom.

Vanquished Creatures
  Eustachio (D:4)
  A water moccasin (D:6)
  An ogre (D:5)
  A phantom (D:5)
  2 scorpions (D:6)
  3 water moccasin zombies (Ossuary)
  A hound (D:6)
  Jessica (D:2)
  2 iguanas (D:6)
  Terence (D:2)
  2 mummies (Ossuary)
  4 adders
  A shadow imp (D:5)
  An ufetubus (D:4)
  7 adder zombies (Ossuary)
  A dart slug (D:2)
  An orc (D:5)
  An endoplasm (D:4)
  A giant cockroach (D:3)
  2 goblins
  2 kobolds (D:4)
  A quokka (D:5)
  2 ball pythons (D:4)
  A bat (D:1)
  2 frilled lizards (D:2)
  4 hobgoblin zombies (Ossuary)
  7 kobold zombies (Ossuary)
  7 orc zombies (Ossuary)
  A rat (D:2)
62 creatures vanquished.

Notes
Turn   | Place    | Note
-------+----------+-------------------------------------------
     0 | D:1      | hawla the Meteoran Ice Elementalist began the quest for the
                  | Orb.
     0 | D:1      | Reached XP level 1. HP: 14/14 MP: 5/5
    76 | D:2      | Noticed Jessica
    76 | D:2      | Found a snail-covered altar of Cheibriados.
    80 | D:2      | Noticed Terence
    82 | D:2      | Killed Jessica
    83 | D:2      | Reached skill level 5 in Ice Magic
    83 | D:2      | Reached XP level 2. HP: 17/20 MP: 3/6
    83 | D:2      | Reached XP level 3. HP: 22/26 MP: 4/8
    93 | D:1      | Learned a level 3 spell: Frozen Ramparts
   257 | D:2      | Killed Terence
   258 | D:2      | Reached XP level 4. HP: 30/33 MP: 3/9
   343 | D:4      | Noticed Eustachio
   346 | D:4      | Found a runed translucent gate.
   360 | D:4      | Reached XP level 5. HP: 16/38 MP: 1/11
   364 | D:4      | Killed Eustachio
   365 | D:4      | Reached skill level 6 in Ice Magic
   365 | D:4      | Reached XP level 6. HP: 20/46 MP: 10/13
   369 | D:4      | Learned a level 3 spell: Ozocubu's Armour
   516 | D:4      | You fall into a shaft and drop 2 floors!
   656 | D:6      | Reached skill level 5 in Spellcasting
   656 | D:6      | Reached XP level 7. HP: 44/51 MP: 8/15
   676 | D:6      | Noticed a shadow
   677 | D:6      | Found a runed translucent gate.
   678 | D:6      | Found a runed translucent gate.
   678 | D:6      | Noticed TheSexyCheese's ghost (amateur GrFi)
   679 | D:6      | Found a runed translucent gate.
   679 | D:6      | Noticed a steam dragon
   679 | D:6      | Noticed a troll
   694 | D:6      | Reached skill level 7 in Ice Magic
   749 | D:6      | Noticed a water moccasin
   752 | D:6      | Killed a water moccasin
   840 | D:5      | Entered Level 5 of the Dungeon
   876 | D:5      | Reached XP level 8. HP: 32/58 MP: 15/18
   920 | D:5      | Found a sand-covered staircase.
   923 | Ossuary  | Entered an ossuary
   970 | Ossuary  | Reached skill level 1 in Fighting
  1064 | Ossuary  | Reached skill level 1 in Short Blades
  1455 | D:5      | HP: 3/91 [phantom (3)]
  1461 | D:5      | Slain by a phantom

Illustrated notes

Levels and vault maps discovered:
D:1:      saegor_arrival_under_anarchy, layout_basic
D:2:      layout_basic, basic_altar, uniq_terence, uniq_sigmund, uniq_jessica
D:3:      cheibrodos_fertilizer, layout_loops_ring, nicolae_uskayaw_dance_hall,
          cheibrodos_sewer_entry_drain, serial_bayou_lagoon_b
D:4:      layout_loops_ring, jmf_multi_god_temple2, gammafunk_ghost_cemetery,
          uniq_eustachio
D:5:      minmay_skewed_foursquare, layout_rooms, enter_ossuary_5
D:6:      layout_loops_cross, lemuel_round_altar, gammafunk_ghost_split

Skill      XL: |  1  2  3  4  5  6  7  8 |
---------------+-------------------------+-----
Ice Magic      | 5 6 7 |  7.7
Spellcasting   | 3 4 5 6 |  6.4
Dodging        | 3 |  3.9
Fighting       | 1 |  1.8
Short Blades   | 3 |  3.7
Stealth        | |  1.4

Action                   |  1- 3 |  4- 6 |  7- 9 || total
-------------------------+-------+-------+-------++-------
Melee: Dagger            |       |    11 |   324 ||   335
       Punch             |       |     1 |     9 ||    10
 Cast: Freeze            |     9 |    20 |     8 ||    37
       Frozen Ramparts   |     1 |     4 |    10 ||    15
       Ozocubu's Armour  |       |       |     3 ||     3
  Use: Scroll            |       |     1 |     9 ||    10
       Potion            |       |     2 |     8 ||    10
Armor: Robe              |       |     6 |    50 ||    56
       Skin              |       |       |   104 ||   104
Dodge: Dodged            |     4 |    24 |   144 ||   172
